 Dungeon Crawl Stone Soup version 0.26-b1-32-g5d43845318 (webtiles) character file.

Game seed: 9113033581698375495

1226 Borgoz the Slasher (level 8, -1/67 HPs)
             Began as a Ghoul Gladiator on Jan 13, 2021.
             Was an Initiate of Ashenzari.
             Slain by an orc wizard
             ... wielding a +0 dagger
              (2 damage)
             ... on level 5 of the Dungeon.
             The game lasted 00:06:52 (5313 turns).

Borgoz the Slasher (Ghoul Gladiator)                Turns: 5313, Time: 00:06:52

Health: -1/67      AC: 10    Str: 25    XL:     8   Next: 47%
Magic:  7/7        EV: 12    Int:  3    God:    Ashenzari [......]
Gold:   218        SH:  4    Dex: 11    Spells: 7/7 levels left

rFire    . . .     SeeInvis .   a - +0 long sword
rCold    + + .     Faith    .   h - +0 buckler
rNeg     + + +     Spirit   .   s - +1 scale mail {rC+}
rPois    ∞         Reflect  .   c - +0 helmet
rElec    .         Harm     .   b - +0 cloak
rCorr    .         Rampage  .   (no gloves)
Will     .....                  (no boots)
Stlth    ..........             (no amulet)
HPRegen  0.00/turn              f - +6 ring of strength
MPRegen  0.10/turn              (no ring)

@: slowed, very slow
A: claws 1, cold resistance 1, negative energy resistance 3, inhibited
regeneration, torment resistance, unbreathing
a: Renounce Religion, Curse Item


You were on level 5 of the Dungeon.
You worshipped Ashenzari.
Ashenzari was noncommittal.
You visited 1 branch of the dungeon, and saw 5 of its levels.

You collected 218 gold pieces.

Inventory:

Hand Weapons
 a - a +0 long sword (weapon)
Armour
 b - a +0 cloak (worn)
 c - a +0 helmet (worn)
 h - a +0 buckler (worn)
 s - a +1 scale mail of cold resistance (worn)
Jewellery
 f - a +6 ring of strength (left claw)
 n - an uncursed ring of ice
Wands
 g - a wand of digging (6)
Scrolls
 e - 3 scrolls of remove curse
 i - 3 scrolls of teleportation
 k - 2 scrolls of immolation {unknown}
 m - a scroll of enchant armour {unknown}
 q - a scroll of fear {unknown}
Potions
 j - a potion of invisibility
 l - a potion of flight
 p - a potion of cancellation


   Skills:
 + Level 4.4 Fighting
 * Level 5.4 Long Blades
 - Level 1.7 Throwing
 * Level 4.4 Armour
 * Level 5.3 Dodging
 + Level 2.0 Shields


You had 7 spell levels left.
You didn't know any spells.
Your spell library was empty.

Dungeon Overview and Level Annotations

Branches:
Dungeon (5/15)
 Temple: D:4-7

Altars:
Ashenzari
Dithmenos
Kikubaaqudgha
Vehumet
Yredelemnul
Zin

Shops:
D:4 }


Innate Abilities, Weirdness & Mutations

You thrive by killing the living.
You are immune to poison.
You have sharp fingernails.
Your flesh is cold resistant. (rC+)
You are immune to negative energy. (rN+++)
You do not regenerate when monsters are visible.
You are immune to unholy pain and torment.
You can survive without breathing.


Message History

Aim: an orc wizard, wielding a +0 dagger and wearing a cursed +0 robe (severely wounded, fast)
You throw a throwing net.
The throwing net closely misses the orc wizard.
The orc wizard misses you.
The orc wizard gestures at you while chanting.
You resist with some effort.
Throw: throwing net
Press: ? - help, Q - select action Shift-Dir - straight line, f/p - orc wizard
Aim: an orc wizard, wielding a +0 dagger and wearing a cursed +0 robe (severely wounded, fast)
You throw a throwing net.
The throwing net barely misses the orc wizard.
The orc wizard hits you but does no damage.
The orc wizard gestures at you while chanting.
The magic dart hits you but does no damage.
You hit the orc wizard.
The orc wizard is almost dead.
The orc wizard gestures wildly while chanting.
The orc wizard blinks!
The orc wizard hits you with a +0 dagger.
You die...

#......# ##......#
#.......# .# #.......# .#
#.......# .# #.......# .#
#.......# .# #...[))o# .+
#.....@.#...# .#
#.....§.#...# #######
###.....(.#...# .......
........###...# .......
........+.....# [......
........#.....# .......
........#.....# .......
........###'####
#+######...............####


You could see an orc wizard (fast).

Vanquished Creatures
  An ice beast (D:4)
  An ogre (D:4)
  A scorpion (D:5)
  2 howler monkeys (D:4)
  A bullfrog skeleton (D:4)
  2 hounds (D:4)
  7 orc priests
  A centaur skeleton (D:5)
  7 orc wizards
  Natasha (thrice) (D:2)
  An iguana (D:4)
  3 worker ants (D:4)
  9 adders
  An adder skeleton (D:4)
  2 worms (D:2)
  A dart slug (D:2)
  5 leopard geckos
  30 orcs
  3 giant cockroaches
  7 goblins
  9 hobgoblins
  4 jackals (D:4)
  A quokka (D:2)
  2 ball pythons
  8 bats
  A frilled lizard (D:1)
  6 kobolds
  A leopard gecko skeleton (D:4)
  A quokka skeleton (D:4)
  9 rats
130 creatures vanquished.

Vanquished Creatures (others)
  A human (D:4)
  An orc wizard (D:4)
  10 plants (D:2)
12 creatures vanquished.

Grand Total: 142 creatures vanquished

Notes
Turn   | Place    | Note
-------+----------+-------------------------------------------
     0 | D:1      | Borgoz the Ghoul Gladiator began the quest for the Orb.
     0 | D:1      | Reached XP level 1. HP: 17/17 MP: 0/0
   231 | D:1      | Reached XP level 2. HP: 24/24 MP: 1/1
   652 | D:1      | Reached XP level 3. HP: 29/30 MP: 2/2
   690 | D:1      | Reached skill level 1 in Armour
  1036 | D:2      | Reached XP level 4. HP: 11/37 MP: 3/3
  1423 | D:2      | You fall into a shaft and drop 1 floor!
  1664 | D:2      | Noticed Natasha
  1671 | D:2      | Killed Natasha
  1831 | D:2      | Noticed Natasha
  1837 | D:2      | Killed Natasha
  1838 | D:2      | Reached XP level 5. HP: 43/44 MP: 4/4
  2193 | D:2      | Noticed Natasha
  2199 | D:2      | Killed Natasha
  2831 | D:3      | Reached XP level 6. HP: 30/51 MP: 5/5
  2838 | D:3      | HP: 2/51 [orc wizard/+0 dagger (2)]
  3393 | D:4      | Reached XP level 7. HP: 50/57 MP: 6/6
  3485 | D:4      | Reached skill level 1 in Shields
  3813 | D:4      | Found a shadowy altar of Dithmenos.
  3814 | D:4      | Found a glowing silver altar of Zin.
  3815 | D:4      | Found a basalt altar of Yredelemnul.
  3816 | D:4      | Found a radiant altar of Vehumet.
  4166 | D:4      | Reached XP level 8. HP: 51/66 MP: 7/7
  4168 | D:4      | Reached skill level 5 in Long Blades
  4339 | D:4      | Reached skill level 5 in Dodging
  4451 | D:4      | Found Teukuasch's Gadget Boutique.
  4651 | D:4      | Found an ancient bone altar of Kikubaaqudgha.
  4791 | D:5      | Entered Level 5 of the Dungeon
  5248 | D:5      | Found a broken altar of Ashenzari.
  5257 | D:5      | Became a worshipper of Ashenzari the Shackled
  5309 | D:5      | HP: 1/67 [orc wizard/magic dart (6)]
  5313 | D:5      | Slain by an orc wizard

Illustrated notes

Levels and vault maps discovered:
D:1:      dpeg_arrival_ratfight, layout_basic
D:2:      layout_basic, guppyfry_early_lair_pool, uniq_natasha
D:3:      minmay_razor_zed, layout_rooms, lightli_corner_chamber
D:4:      cheibrodos_pilgrimage, layout_loops_ring,
          chequers_temple_overflow_statue_of_worship, serial_shops, shop,
          tgw_kikubaaqudgha
D:5:      layout_gridville, basic_altar, uniq_menkaure

Skill      XL: |  1  2  3  4  5  6  7  8 |
---------------+-------------------------+-----
Long Blades    | 3 4 5 |  5.4
Dodging        | 3 4 5 |  5.3
Armour         | 1 2 3 4 |  4.4
Fighting       | 3 4 |  4.4
Shields        | 1 2 |  2.0
Throwing       | |  1.7

Action                   |  1- 3 |  4- 6 |  7- 9 || total
-------------------------+-------+-------+-------++-------
Melee: Long sword        |   116 |   153 |   221 ||   490
Throw: Throwing net      |       |       |     3 ||     3
  Use: Scroll            |       |     5 |     2 ||     7
       Potion            |       |     3 |     4 ||     7
 Stab: Invisible         |       |       |     2 ||     2
Armor: Leather armour    |    50 |    41 |       ||    91
       Scale mail        |       |    11 |   130 ||   141
Dodge: Dodged            |    98 |   133 |   156 ||   387
Block: Buckler           |       |     8 |    49 ||    57
       Rpst.: Long sword |    32 |    39 |    55 ||   126
